 Dungeon Crawl Stone Soup version 0.20-a0-219-g21f8257 (webtiles) character file.

13595 Eucla the Carver (level 11, -10/58 HPs)
             Began as a Spriggan Berserker on Nov 28, 2016.
             Was a High Priest of Trog.
             Killed from afar by a rime drake (25 damage)
             ... with a flash freeze
             ... on level 2 of the Lair of Beasts.
             The game lasted 00:20:15 (11719 turns).

Eucla the Carver (Spriggan Berserker)              Turns: 11719, Time: 00:20:15

Health: -10/58     AC: 13    Str: 14    XL:     11   Next: 77%
Magic:  12/12      EV: 16    Int:  9    God:    Trog [*****.]
Gold:   622        SH:  6    Dex: 18    Spells: 10/10 levels left

rFire  + . .     SeeInvis +     N - +5 long sword of Xujeduaq {flame, rPois rN+ Str-2 Dex+2}
rCold  . . .     Gourm    .     K - +1 shadow dragon scales
rNeg   + . .     Faith    .     w - +1 buckler
rPois  +         Spirit   .     s - +2 hat
rElec  .         Reflect  .     (no cloak)
rCorr  +         Harm     .     (gloves unavailable)
MR     +....                    (boots unavailable)
Stlth  +++.......               (no amulet)
                                r - ring of protection from fire
                                J - ring of resist corrosion

@: very slightly contaminated, very quick
A: unfitting armour, see invisible, herbivore 3, speed 3, slow metabolism 2
a: Berserk, Trog's Hand, Brothers in Arms, Burn Spellbooks, Renounce Religion


You were on level 2 of the Lair of Beasts.
You worshipped Trog.
Trog was extremely pleased with you.
You were not hungry.

You visited 2 branches of the dungeon, and saw 13 of its levels.
You also visited: Ossuary.

You collected 949 gold pieces.
You spent 327 gold pieces at shops.

Inventory:

Hand Weapons
 v - a +4 scimitar
 N - the +5 long sword of Xujeduaq (weapon) {flame, rPois rN+ Str-2 Dex+2}
   (You found it on level 1 of the Lair of Beasts)

   It has been specially enchanted to burn those struck by it, causing extra
   injury to most foes and up to half again as much damage against particularly
   susceptible opponents.
   Big, fiery blades are also staple armaments of hydra-hunters.
   It affects your strength (-2).
   It affects your dexterity (+2).
   It protects you from poison.
   It protects you from negative energy.
Missiles
 h - 42 sling bullets
 u - 426 stones (quivered)
Armour
 s - a +2 hat (worn)
 w - a +1 buckler (worn)
 K - +1 shadow dragon scales (worn)
 P - a +2 robe of cold resistance
Jewellery
 r - a ring of protection from fire (right hand)
 J - a ring of resist corrosion (left hand)
 L - an uncursed ring of fire
 O - an uncursed ring of ice
Wands
 b - a wand of confusion (18/48)
 g - a wand of iceblast (10/15)
 l - a wand of lightning (6/15)
 I - a wand of disintegration (14/24)
Scrolls
 e - 9 scrolls of teleportation
 i - a scroll of recharging
 o - 2 scrolls of immolation
 p - 2 scrolls of remove curse
 D - 4 scrolls of fog
 M - a scroll of enchant weapon
Potions
 d - 2 potions of flight
 f - a potion of haste
 j - a potion of cure mutation
 k - 3 potions of agility
 m - 6 potions of might
 n - 3 potions of lignification
 q - 2 potions of degeneration
 t - a potion of brilliance
 C - a potion of ambrosia
 E - a potion of berserk rage
 F - a potion of curing
 G - 2 potions of invisibility
 H - 2 potions of heal wounds
Books
 a - a book of Frost

   Spells                             Type                      Level
   a - Freeze                         Ice                          1
   b - Throw Frost                    Conjuration/Ice              2
   c - Ozocubu's Armour               Charms/Ice                   3
   d - Throw Icicle                   Conjuration/Ice              4
   e - Summon Ice Beast               Ice/Summoning                4
   Trog disapproves of the use of such an item.
 x - a book of Flames

   Spells                             Type                      Level
   a - Flame Tongue                   Conjuration/Fire             1
   b - Throw Flame                    Conjuration/Fire             2
   c - Conjure Flame                  Conjuration/Fire             3
   d - Inner Flame                    Hexes/Fire                   3
   e - Sticky Flame                   Conjuration/Fire             4
   f - Fireball                       Conjuration/Fire             5
   Trog disapproves of the use of such an item.
 y - a book of Callings

   Spells                             Type                      Level
   a - Summon Small Mammal            Summoning                    1
   b - Call Imp                       Summoning                    2
   c - Call Canine Familiar           Summoning                    3
   d - Summon Guardian Golem          Hexes/Summoning              3
   e - Summon Lightning Spire         Summoning/Air                4
   f - Summon Ice Beast               Ice/Summoning                4
   Trog disapproves of the use of such an item.
 B - a book of Frost

   Spells                             Type                      Level
   a - Freeze                         Ice                          1
   b - Throw Frost                    Conjuration/Ice              2
   c - Ozocubu's Armour               Charms/Ice                   3
   d - Throw Icicle                   Conjuration/Ice              4
   e - Summon Ice Beast               Ice/Summoning                4
   Trog disapproves of the use of such an item.
Comestibles
 z - 5 bread rations


   Skills:
 - Level 6.5 Fighting
 + Level 13.3 Long Blades
 - Level 11.3 Dodging


You had 10 spell levels left.
You didn't know any spells.

Dungeon Overview and Level Annotations

Branches:
Dungeon (11/15)            Temple (0/1) D:5            Lair (2/6) D:11
    Orc (0/2) D:9
  Swamp: Lair:2-4    Shoals: Lair:2-4     Snake: Lair:2-4    Spider: Lair:2-4

Altars:

Shops:
D:4 %   D:6 =   D:8 *   D:11 }


Innate Abilities, Weirdness & Mutations

You are very small and have problems with some larger weapons.
You are too small for most types of armour.
You have supernaturally acute eyesight. (SInv)
You are a herbivore.
You cover ground extremely quickly.
You need consume almost no food.


Message History

The rime drake breathes ice at you. The flash freeze hits you!
* * * LOW HITPOINT WARNING * * *
You are encased in ice.
You are too injured to fight recklessly!
You are too injured to fight recklessly!
You are too injured to fight recklessly!
Unknown command.
Blink to where?
Press: ? - help, Dir - move target cursor
As you read the scroll of blinking, it crumbles to dust.
The ice encasing you melts away.
You start resting.
Your extra speed is starting to run out.
You start resting.
You feel yourself slow down.
You start resting.
The rime drake breathes ice at you. The flash freeze hits you!
You die...

.......>..
..................
##...#.............
#..................
....#.............
...##.............
#..#..............
##.##....).........
#.@P##.............
#..#####...#.PP....
##.##..#....##.....
#.k.........#.....
#P...#.P#..........
##..#####...##.....
#P.# #.....#.....
#### #...........
##...PP.....


You could see a rime drake.

Vanquished Creatures
  A hydra (Lair:1)
  Urug (D:10)
  A hill giant (D:10)
  2 ugly things (D:11)
  A black mamba (Lair:2)
  A centaur skeleton (D:11)
  A spiny frog (Lair:1)
  3 komodo dragons (Lair:1)
  A two-headed ogre (D:10)
  A troll (D:11)
  2 hippogriffs
  Grinder (D:6)
  3 wyverns
  6 yaks
  A shadow (D:11)
  A spriggan (D:7)
  3 hungry ghosts
  A steam dragon (D:8)
  4 porcupines (Lair:1)
  3 water moccasins
  2 orc warriors
  3 ice beasts
  2 phantoms
  3 black bears
  3 sky beasts
  6 ogres
  9 wolves
  3 centaurs
  3 crocodiles
  5 bullfrogs
  A gnoll sergeant (D:9)
  A water moccasin skeleton (D:10)
  4 scorpions
  A howler monkey (D:6)
  4 crimson imps
  2 centaur zombies
  A human zombie (Ossuary)
  2 bullfrog skeletons
  10 orc wizards
  2 orc priests (D:4)
  2 jellies
  Jessica (D:2)
  7 worker ants
  2 iguanas
  Natasha (D:4)
  2 big kobold zombies (Ossuary)
  2 mummies (Ossuary)
  10 adders
  10 gnolls
  2 oozes
  3 adder zombies
  An adder skeleton (D:3)
  4 worms
  A dart slug (D:1)
  7 leopard geckos
  32 orcs
  2 giant cockroaches
  8 goblins
  4 hobgoblins
  9 jackals
  2 kobolds
  6 quokkas
  3 bats
  6 frilled lizards
  A giant cockroach zombie (D:5)
  2 goblin zombies (Ossuary)
  10 hobgoblin zombies (Ossuary)
  13 kobold zombies (Ossuary)
  7 orc zombies (Ossuary)
  11 rats
276 creatures vanquished.

Vanquished Creatures (collateral kills)
  Fannar (Lair:1)
  A water moccasin (Lair:1)
  A crocodile (Lair:1)
3 creatures vanquished.

Vanquished Creatures (others)
  A fungus (Lair:1)
1 creature vanquished.

Grand Total: 280 creatures vanquished

Notes
Turn   | Place    | Note
-------+----------+-------------------------------------------
     0 | D:1      | Eucla the Spriggan Berserker began the quest for the Orb.
     0 | D:1      | Reached XP level 1. HP: 11/11 MP: 2/2
   143 | D:1      | Reached XP level 2. HP: 12/16 MP: 3/3
   546 | D:1      | Reached skill level 5 in Dodging
   690 | D:2      | Reached skill level 3 in Long Blades
   696 | D:2      | Reached ** piety under Trog
   696 | D:2      | Reached XP level 3. HP: 18/19 MP: 4/4
  1144 | D:2      | Noticed Jessica
  1151 | D:2      | Killed Jessica
  1184 | D:2      | Reached XP level 4. HP: 16/23 MP: 5/5
  2026 | D:4      | Noticed Natasha
  2089 | D:4      | Reached XP level 5. HP: 27/28 MP: 6/6
  2156 | D:4      | Reached skill level 4 in Long Blades
  2384 | D:4      | Noticed an ogre
  2391 | D:4      | Killed an ogre
  2392 | D:4      | Reached XP level 6. HP: 32/32 MP: 7/7
  2463 | D:4      | Found Eschiajulo's Food Shop.
  2484 | D:4      | HP: 1/48 [orc priest/divine providence (14)]
  2486 | D:4      | Reached skill level 5 in Long Blades
  2605 | D:4      | Killed Natasha
  2605 | D:4      | Reached XP level 7. HP: 18/37 MP: 8/8
  2690 | D:4      | Reached *** piety under Trog
  2748 | D:4      | Bought 2 fruits for 39 gold pieces
  2748 | D:4      | Bought a slice of pizza for 19 gold pieces
  2748 | D:4      | Bought a bread ration for 65 gold pieces
  3117 | D:5      | Entered Level 5 of the Dungeon
  3908 | D:5      | Found a staircase to the Ecumenical Temple.
  4140 | D:6      | Reached skill level 6 in Long Blades
  4264 | D:6      | Reached **** piety under Trog
  4264 | D:6      | Reached XP level 8. HP: 37/42 MP: 9/9
  4479 | D:6      | Found Gyipibla's Jewellery Shop.
  4522 | D:6      | Noticed Grinder
  4538 | D:6      | Killed Grinder
  4976 | D:7      | Reached skill level 5 in Fighting
  5070 | D:7      | Reached skill level 7 in Long Blades
  5085 | D:7      | Found a sand-covered staircase.
  5093 | Ossuary  | Entered an ossuary
  5981 | D:7      | Reached XP level 9. HP: 47/47 MP: 10/10
  6377 | D:8      | Reached skill level 10 in Dodging
  6383 | D:8      | Reached ***** piety under Trog
  6383 | D:8      | Reached skill level 8 in Long Blades
  7066 | D:8      | Reached skill level 9 in Long Blades
  7112 | D:8      | Found Xuxoresch's General Store.
  7117 | D:8      | Bought 29 stones for 34 gold pieces
  7117 | D:8      | Bought a bread ration for 60 gold pieces
  7117 | D:8      | Bought a bread ration for 60 gold pieces
  7117 | D:8      | Bought 12 stones for 14 gold pieces
  7117 | D:8      | Bought a scroll of teleportation for 36 gold pieces
  7131 | D:9      | Found a staircase to the Orcish Mines.
  7152 | D:9      | Reached XP level 10. HP: 53/53 MP: 11/11
  8131 | D:10     | Entered Level 10 of the Dungeon
  8165 | D:10     | Noticed Urug
  8187 | D:10     | Killed Urug
  8463 | D:10     | Noticed a hill giant
  8469 | D:10     | Killed a hill giant
  8469 | D:10     | Reached skill level 10 in Long Blades
  9017 | D:11     | Found Oklibic's Gadget Boutique.
  9017 | D:11     | Noticed a green ugly thing
  9032 | D:11     | Killed a green ugly thing
  9032 | D:11     | Reached skill level 11 in Long Blades
  9411 | D:11     | Found a staircase to the Lair.
  9524 | D:11     | Reached XP level 11. HP: 51/58 MP: 12/12
  9804 | D:11     | Noticed a red ugly thing
  9823 | D:11     | Killed a red ugly thing
 10073 | D:11     | Received a gift from Trog
 10189 | Lair:1   | Entered Level 1 of the Lair of Beasts
 10308 | Lair:1   | Noticed a six-headed hydra
 10344 | Lair:1   | Reached skill level 12 in Long Blades
 10432 | Lair:1   | Got a faintly glowing long sword
 10433 | Lair:1   | Identified the +5 long sword of Xujeduaq {flame, rPois rN+ Str-2 Dex+2} (You found it on level 1 of the Lair of Beasts)
 10563 | Lair:1   | Noticed Fannar
 10575 | Lair:1   | Killed Fannar
 11071 | Lair:1   | Killed a one-headed hydra
 11071 | Lair:1   | Reached skill level 13 in Long Blades
 11719 | Lair:2   | Killed from afar by a rime drake

Vault maps used:
D:1:      lightli_arrival_chessboard
D:2:      minmay_tripent, uniq_jessica
D:4:      serial_shops, nicolae_shop_statue_plus, corexii_leaking_fountain,
          uniq_natasha
D:5:      cheibrodos_helix_gallery, first_bread
D:6:      serial_shops, shop, uniq_grinder
D:7:      nicolae_ossuary_entry_plus, the_bakery, st_stairs_13
D:8:      serial_shops, kennysheep_little_box
D:9:      orc_0_dummy, roderic_roman_lattice
D:10:     uniq_urug
D:11:     lair_entry_dummy, serial_shops, shop_statue
Lair:1:   minivault_26, minivault_11, infiniplex_staircase_pool,
          serial_bayou_shore_b, uniq_fannar
Lair:2:   minmay_shoals_entry_centaurs
Ossuary:  ossuary_tomb_1

Skill      XL: |  1  2  3  4  5  6  7  8  9 10 11 |
---------------+----------------------------------+-----
Dodging        | 5 6 7 9 11 | 11.3
Long Blades    | 3 4 5 6 7 9 11 13 | 13.3
Fighting       | 3 4 5 6 |  6.5

Action                   |  1- 3 |  4- 6 |  7- 9 | 10-12 || total
-------------------------+-------+-------+-------+-------++-------
Melee: Falchion          |   100 |   134 |   110 |       ||   344
       Long sword        |       |       |   426 |   216 ||   642
       Scimitar          |       |       |       |   194 ||   194
Invok: Berserk           |     3 |     4 |    12 |    13 ||    32
       Trog's Hand       |       |     1 |     2 |       ||     3
       Brothers in Arms  |       |       |       |     1 ||     1
  Use: Potion            |     1 |     1 |     1 |     1 ||     4
       Scroll            |       |    13 |    15 |     9 ||    37
 Stab: Sleeping          |     3 |     2 |     2 |     7 ||    14
  Eat: Bread ration      |     1 |       |     3 |     3 ||     7
       Fruit             |       |       |     4 |       ||     4
       Pizza             |       |       |     2 |       ||     2
Armor: Animal skin       |    15 |    12 |    20 |     7 ||    54
       Shadow dragon sca |       |       |       |    70 ||    70
Dodge: Dodged            |   139 |   116 |   398 |   265 ||   918
Block: Buckler           |       |    20 |   124 |    96 ||   240
       Rpst.: Falchion   |    32 |    46 |    22 |       ||   100
       Long sword        |       |       |    83 |    50 ||   133
       Scimitar          |       |       |       |    36 ||    36
